 Dungeon Crawl Stone Soup version 0.30-a0-1160-g6e42c06551 (webtiles) character file.

Game seed: 4811610263793526305

4690 kae the Chiller (level 10, -4/92 HPs)
             Began as a Demigod Transmuter on Apr 25, 2023.
             Slain by a wyvern (12 damage)
             ... on level 7 of the Dungeon.
             The game lasted 00:09:11 (7380 turns).

kae the Chiller (Demigod Transmuter)                Turns: 7380, Time: 00:09:12

Health: -4/92      AC:  9    Str: 15    XL:     10   Next: 1%
Magic:  27/31      EV: 11    Int: 23    God:
Gold:   451        SH:  0    Dex: 14    Spells: 10/20 levels left

rFire   x .          .
                       - Unarmed
rCold   + + +        (shield currently unavailable)
rNeg    . . .        a - melded +0 robe
rPois   +            (helmet currently unavailable)
rElec   .            (cloak currently unavailable)
rCorr   .            g - melded +0 pair of gloves
SInv    .            (boots currently unavailable)
Will    +....        A - amulet of the acrobat
Stlth   +            W - ring of magical power
HPRegen 0.35/turn    P - ring of poison resistance
MPRegen 0.22/turn

%: acrobat
@: ice-form
A: freezing attack, amphibious, boosted hp, large, high MP 1, forlorn, divine
attributes
a: End Transformation


You were on level 7 of the Dungeon.
You were a creature of crystalline ice.
You visited 1 branch of the dungeon, and saw 7 of its levels.
You also visited: Sewer and Ossuary.

You collected 451 gold pieces.


Innate Abilities, Weirdness & Mutations

You are a creature of crystalline ice.
You have a powerful freezing melee attack.
You are amphibious.
Your maximum health is increased.
Your armour is entirely melded.
You are incapable of wielding weapons or throwing items.
You have an increased reservoir of magic. (+10% MP)
You shall have no god before yourself.
Your divine heritage dramatically boosts your attributes as you level up.


   Skills:
 + Level 3.5 Fighting
 + Level 3.9 Dodging
 * Level 6.6 Unarmed Combat
 + Level 5.8 Spellcasting
 + Level 6.3 Transmutations
 * Level 6.7 Ice Magic
 - Level 2.0 Poison Magic


You had 10 spell levels left.
You knew the following spells:

 Your Spells              Type           Power      Damage    Failure   Level
a - Beastly Appendage     Tmut           70%        N/A       1%          1
b - Wereblood             Tmut           35%        N/A       1%          2
c - Spider Form           Tmut/Pois      25%        N/A       4%          3
d - Ice Form              Ice/Tmut       36%        N/A       6%          4

Your spell library contained the following spells:

 Spells                   Type           Power      Damage    Failure   Level
 Dazzling Flash           Conj/Hex       12%        N/A       26%         3
 Inner Flame              Hex/Fire       6%         N/A       26%         3
 Tukima's Dance           Hex            6%         N/A       26%         3
 Yara's Violent Unravell  Hex/Tmut       10%        3d6       54%         5
 Fulminant Prism          Conj/Hex       3%         3d5       65%         4
 Agony                    Necr           6%         N/A       94%         5
 Silence                  Hex/Air        3%         N/A       94%         5
 Enfeeble                 Hex            3%         N/A       100%        7

Inventory:

Missiles
 b - 11 boomerangs
 e - 2 poisoned darts
 j - 80 stones
 v - 3 curare-tipped darts {=f}
Armour
 a - a +0 robe (melded)
 g - a +0 pair of gloves (melded)
   (You found it on level 2 of the Dungeon)
Magical Staves
 d - a staff of fire {!a}
   (You found it on level 1 of the Dungeon)
Jewellery
 A - an amulet of the acrobat (around neck)
   (You found it on level 6 of the Dungeon)
 P - a ring of poison resistance (right front paw)
   (You found it on level 6 of the Dungeon)
 W - a ring of magical power (left front paw)
   (You found it on level 2 of the Dungeon)
Wands
 r - a wand of iceblast (1)
   (You took it off Ijyb on level 3 of the Dungeon)
 t - a wand of polymorph (8)
   (You found it on level 7 of the Dungeon)
 x - a wand of quicksilver (12)
   (You found it on level 7 of the Dungeon)
 y - a wand of mindburst (9)
   (You took it off an orc wizard on level 7 of the Dungeon)
Scrolls
 l - 6 scrolls of teleportation {@r4}
 o - 4 scrolls of immolation {!r!r}
 p - 4 scrolls of blinking {!r}
 q - 3 scrolls of enchant weapon
 u - a scroll of fog
 z - a scroll of fear
 B - a scroll of summoning {unknown}
 C - a scroll of enchant armour {unknown}
Potions
 c - 3 potions of lignification {!q}
 f - 3 potions of might
 h - a potion of berserk rage {!q}
 i - 2 potions of ambrosia
 k - 4 potions of attraction {!q}
 m - 3 potions of mutation {!q}
 n - 2 potions of flight
 s - a potion of heal wounds {@q2}
 w - a potion of curing {@q1}

Dungeon Overview and Level Annotations

Branches:
Dungeon (7/15) Zot: 25720  Temple (0/1) D:4           Sewer (visited)
Ossuary (visited)

.#.#......#..#......#.#######.#.#
.###......#..#......#.# #.... .#
#..#####..#####..#.# ###.# .#
#......#..#......#.# #.# .#
#......#..#......#.####### #.# .#
#####..#..#..#####.......# #.# .#
#[..#..#..#..#f).#.#####.# #.# .#
#.).#..#.[#..#l8.#.# #.# #.# .#
#..)'..#..#..Y.?.#.## #.# #.# .#
########..########.[# #.# #.# .#
######..########.#####.###.# .#
#.....)...............#.##.# .#
#.##############.#####.###.# .#
#.# ##.## #...... .#####.#
#...####.###.# .......#
#......#...... ########
#...##.######.


You could see a wyvern and a sleepcap.


Message History

You kill the ice beast!
No target in view! 😎 HP[+1]
Your hp is fully restored (84).
You see here a hound corpse.
You howl as the wereblood boils in your veins!
B - a scroll labelled CUBUCL MUITUGERYE No target in view!
No target in view!
You howl as the wereblood boils in your veins!
C - a scroll labelled TEBRIQ QYWOL You pick up a book of Misfortune and begin reading...
You add the spells Inner Flame, Yara's Violent Unravelling and Enfeeble to your library.
You open the door.
A bullfrog and an orc come into view.
You howl as the wereblood boils in your veins!
You hear an angry hiss.
The bullfrog gives a loud, deep croak!
You hear an angry hiss.
You hear a loud, deep croak!
A steam dragon comes into view.
The bullfrog closely misses you.
There are monsters nearby!
You hit the bullfrog.
The bullfrog seems to slow down.
You freeze the bullfrog.
You howl as the wereblood boils in your veins!
Your transformation is almost over.
Your primal bloodlust is almost over.
You pummel the bullfrog!! You freeze the bullfrog!
You kill the bullfrog!
You hear an angry hiss.
A bullfrog comes into view.
You completely miss the bullfrog.
The bullfrog hits you but does no damage.
The bullfrog closely misses you.
You pummel the bullfrog!!
The bullfrog seems to slow down.
You freeze the bullfrog!
You kill the bullfrog!
The steam dragon breathes steam at you. The ball of steam hits you!
The steam scalds you terribly! 😕 HP[-16]
You take 16 damage, and now have 68/84 hp.
No reachable target in view!
No reachable target in view!
No reachable target in view!
No reachable target in view!
Unknown command.
You close the door.
You howl as the wereblood boils in your veins!
You are engulfed in a cloud of scalding steam. 😮 HP[-10]
You take 10 damage, and now have 58/84 hp.
You are engulfed in a cloud of scalding steam. 😮 HP[-5]
You take 5 damage, and now have 53/84 hp.
Your primal bloodlust has ended.
An orc opens the door.
A sleepcap comes into view.
A wyvern comes into view.
The steam dragon completely misses you. The steam dragon barely misses you.
The orc completely misses you.
There is an open door, spattered with blood here.
You pummel the steam dragon!! You freeze the steam dragon.
The steam dragon bites you.
The steam dragon claws you but does no damage.
The orc hits you but does no damage. 😮 HP[-1]
You take 1 damage, and now have 52/84 hp.
You hit the steam dragon. You freeze the steam dragon.
You kill the steam dragon!
The orc closely misses you.
You have reached level 10!
You punch the orc! You freeze the orc.
You kill the orc!
You warm up again.
Your +0 pair of gloves unmelds from your body.
Your +0 robe unmelds from your body. 😮 HP[-4] MP[+1]
You now have 77 max hp (-7).
Your mp is fully restored (31).
You hit the wyvern. The wyvern bites you!
* * * LOW HITPOINT WARNING * * *
😨 HP[-17]
You take 17 damage, and now have 31/77 hp.
MASSIVE DAMAGE!! (PAUSE)
Casting: Wereblood (safe; 1% risk of failure)
Confirm with . or Enter, or press ? or * to list all spells.
You turn into a creature of crystalline ice.
Your +0 pair of gloves melds into your body.
Your +0 robe melds into your body.
The wyvern bites you!
* * * LOW HITPOINT WARNING * * *
The wyvern bites you!
* * * LOW HITPOINT WARNING * * *
The wyvern completely misses you. 😱 HP[-12] MP[-4]
You now have 92 max hp (+15).
You lost 4 mp, and now have 27/31 mp.
You hit the wyvern but do no damage. The wyvern bites you!
* * * LOW HITPOINT WARNING * * *
The wyvern closely misses you. 😱 HP[-12]
You take 12 damage, and now have 7/92 hp.
Unknown command.
You punch the wyvern! You freeze the wyvern. The wyvern bites you!
You die...

Skill      XL: |  1  2  3  4  5  6  7  8  9 |
---------------+----------------------------+-----
Transmutations | 2 3 4 5 6 |  6.3
Spellcasting   | 2 3 4 5 |  5.8
Poison Magic   | 1 2 |  2.0
Ice Magic      | 2 4 5 6 |  6.7
Unarmed Combat | 3 4 5 6 |  6.6
Fighting       | 2 3 |  3.5
Dodging        | 2 3 |  3.9

Action                     |  1- 3 |  4- 6 |  7- 9 | 10-12 || total
---------------------------+-------+-------+-------+-------++-------
  Melee: Unarmed           |    65 |   124 |   432 |     4 ||   625
         Kick              |    10 |     4 |       |       ||    14
         Headbutt          |     4 |     4 |       |       ||     8
         Punch             |     1 |       |       |       ||     1
   Cast: Beastly Appendage |    13 |     2 |       |       ||    15
         Spider Form       |     1 |    13 |     5 |       ||    19
         Wereblood         |     1 |     4 |    14 |       ||    19
         Ice Form          |       |     1 |    36 |     1 ||    38
Ability: End Transformatio |       |       |     1 |       ||     1
    Use: Scroll            |     7 |     7 |     6 |       ||    20
         Potion            |       |     2 |     6 |       ||     8
   Stab: Sleeping          |       |       |     4 |       ||     4
         Invisible         |       |       |     4 |       ||     4
 Armour: Robe              |    16 |     6 |     6 |       ||    28
         Skin              |       |    16 |   135 |       ||   151
  Dodge: Dodged            |    35 |   111 |   228 |     2 ||   376

Levels and vault maps discovered:
D:1:      heliophobic_arrival_battle_scene, layout_basic,
          dreamdust_ecumenical_altar_statues
D:2:      layout_loops_corners, uniq_sigmund, uniq_jessica, uniq_robin
D:3:      layout_basic, uniq_grinder, uniq_ijyb, uniq_natasha
D:4:      layout_gridville, kennysheep_slug_shrine, minmay_temple_entry_hall,
          uniq_pikel, uniq_menkaure
D:5:      layout_loops_ring, lightli_temple_of_fire, lemuel_doored_altar,
          kennysheep_little_box, kennysheep_mini
D:6:      layout_rooms, lemuel_crystal_altar, overflow_temple_1_default,
          cheibrodos_sewer_entry_drain
D:7:      kennysheep_windowed_halls, layout_loops_ring,
          mainiacjoe_overflow_surrounded_room, marbit_many_paths,
          nicolae_overflow_hidden_temple, lightli_ossuary_entry_decrepit_ruins,
          chequers_serial_rivers_marsh

Notes
Turn   | Place    | Note
-------+----------+-------------------------------------------
     0 | D:1      | kae the Demigod Transmuter began the quest for the Orb.
     0 | D:1      | Reached XP level 1. HP: 15/15 MP: 5/5
     0 | D:1      | magus.rc [v1.11.3]
   115 | D:1      | Reached skill level 2 in Transmutations
   172 | D:1      | Reached skill level 2 in Spellcasting
   185 | D:1      | You pick up a book of the Senses and begin reading...
   185 | D:1      | You add the spells Dazzling Flash, Agony and Silence to
                  | your library.
   369 | D:1      | Reached XP level 2. HP: 17/22 MP: 5/7
   373 | D:1      | Learned a level 2 spell: Wereblood
   834 | D:2      | Reached XP level 3. HP: 27/27 MP: 6/9
   838 | D:2      | Learned a level 3 spell: Spider Form
   992 | D:2      | Noticed Robin
  1023 | D:2      | Killed Robin
  1024 | D:2      | Reached skill level 1 in Poison Magic
  1285 | D:2      | Noticed Jessica
  1291 | D:2      | Killed Jessica
  1292 | D:2      | Reached skill level 3 in Transmutations
  1292 | D:2      | Reached XP level 4. HP: 32/34 MP: 10/10
  1539 | D:3      | HP: 8/34 [poisoned by an adder]
  1670 | D:3      | Reached skill level 2 in Poison Magic
  1676 | D:3      | Reached skill level 3 in Spellcasting
  1784 | D:3      | Noticed Grinder
  1790 | D:3      | Paralysed by Grinder for 4 turns
  1800 | D:3      | Killed Grinder
  1801 | D:3      | Reached skill level 4 in Transmutations
  1801 | D:3      | Reached XP level 5. HP: 39/39 MP: 13/13
  1801 | D:3      | Reached XP level 6. HP: 46/46 MP: 15/15
  1875 | D:3      | Learned a level 4 spell: Ice Form
  1883 | D:3      | Noticed Ijyb
  1905 | D:3      | Killed Ijyb
  2067 | D:3      | HP: 10/46 [gnoll/+0 halberd (9)]
  2141 | D:3      | Reached skill level 4 in Spellcasting
  2141 | D:3      | Reached skill level 1 in Ice Magic
  2247 | D:3      | Noticed Natasha
  2257 | D:3      | Killed Natasha
  2708 | D:4      | Reached skill level 3 in Unarmed Combat
  2771 | D:4      | Noticed Menkaure
  2788 | D:4      | Killed Menkaure
  2789 | D:4      | Reached skill level 2 in Ice Magic
  2789 | D:4      | Reached XP level 7. HP: 31/51 MP: 16/16
  2936 | D:4      | Noticed Pikel
  3043 | D:3      | Killed Pikel
  3044 | D:3      | Reached skill level 5 in Transmutations
  3044 | D:3      | Reached skill level 3 in Ice Magic
  3322 | D:4      | Reached skill level 4 in Unarmed Combat
  3322 | D:4      | Reached skill level 4 in Ice Magic
  3322 | D:4      | Reached XP level 8. HP: 48/58 MP: 18/18
  3551 | D:4      | Found a staircase to the Ecumenical Temple.
  3654 | D:5      | Entered Level 5 of the Dungeon
  3712 | D:5      | Reached skill level 1 in Fighting
  3979 | D:5      | Reached skill level 2 in Dodging
  4413 | D:6      | HP: 3/70 [ogre/+0 giant club (27)]
  4424 | D:6      | Reached skill level 5 in Spellcasting
  4467 | D:6      | Found a glowing drain.
  4497 | Sewer    | Entered a sewer
  4640 | Sewer    | Reached skill level 5 in Ice Magic
  4641 | Sewer    | Reached skill level 2 in Fighting
  4694 | Sewer    | Reached skill level 5 in Unarmed Combat
  5034 | D:6      | Identified the +7 dagger of the Candle {drain, rPois MP+9}
  5599 | D:7      | HP: 18/73 [something (6)]
  5606 | D:7      | HP: 14/73 [water moccasin (7)]
  5610 | D:7      | Reached XP level 9. HP: 11/68 MP: 20/20
  5610 | D:7      | HP: 2/81 [something (6)]
  5617 | D:7      | Reached skill level 3 in Dodging
  5619 | D:7      | HP: 6/81 [acid (2)]
  5660 | D:7      | HP: 14/81 [water moccasin (2)]
  5673 | D:7      | HP: 7/81 [orc warrior/+0 dire flail (18)]
  5709 | D:7      | HP: 20/81 [black bear (3)]
  5818 | D:7      | Found a sand-covered staircase.
  5848 | Ossuary  | Entered an ossuary
  6244 | Ossuary  | Reached skill level 6 in Transmutations
  6368 | Ossuary  | Reached skill level 6 in Unarmed Combat
  6368 | Ossuary  | Reached skill level 6 in Ice Magic
  6675 | D:7      | Reached skill level 3 in Fighting
  6929 | D:7      | Identified the +9 halberd "Tavvoynn" {heavy, rF+ rC+ Will+}
  7267 | D:7      | You add the spells Tukima's Dance and Fulminant Prism to
                  | your library.
  7267 | D:7      | Got Sif Muna's Commentary on Obstruction
  7363 | D:7      | You pick up a book of Misfortune and begin reading...
  7363 | D:7      | You add the spells Inner Flame, Yara's Violent Unravelling
                  | and Enfeeble to your library.
  7375 | D:7      | Reached XP level 10. HP: 57/77 MP: 22/22
  7377 | D:7      | HP: 19/92 [wyvern (11)]
  7379 | D:7      | HP: 7/92 [wyvern (12)]
  7380 | D:7      | Slain by a wyvern

Vanquished Creatures
  Pikel (D:3)
  Grinder (D:3)
  2 slime creatures (D:7)
  A wyvern (D:7)
  A steam dragon (D:7)
  Menkaure (D:4)
  4 water moccasins (D:7)
  A black bear (D:7)
  An orc warrior (D:7)
  3 sky beasts (D:7)
  2 ice beasts
  3 ogres
  2 lemures
  2 phantoms
  7 bullfrogs
  3 scorpions
  A howler monkey (D:7)
  2 centaur zombies (Ossuary)
  6 hounds
  3 orc priests
  3 jellies
  Jessica (D:2)
  2 sleepcaps (D:6)
  Ijyb (D:3)
  An iguana (D:6)
  Natasha (D:3)
  4 orc wizards
  3 ogre zombies (Ossuary)
  7 mummies (Ossuary)
  Robin (D:2)
  4 gnolls (D:3)
  14 adders
  2 shadow imps
  A white imp (D:5)
  5 adder zombies (Ossuary)
  3 dart slugs
  25 orcs
  6 ball pythons
  A bat (D:3)
  5 endoplasms
  11 giant cockroaches
  3 gnoll zombies (Ossuary)
  12 goblins
  17 hobgoblins
  4 jackals (D:3)
  3 quokkas
  8 frilled lizards (Sewer)
  3 goblin zombies (Ossuary)
  3 hobgoblin zombies (Ossuary)
  2 kobolds
  5 kobold zombies (Ossuary)
  4 quokka zombies (Ossuary)
  3 rats
  2 rat zombies (Ossuary)
217 creatures vanquished.

Table legend:
 A = Non-vault XP
 B = Vault XP
 C = Vault XP percentage of total XP
 D = Non-vault monster count
 E = Vault monster count
 F = Vault count percentage of total count
                 A         B        C        D         E       F
            +---------+---------+-------+---------+---------+-------
      Total |    2999 |    3702 |  55.2 |     111 |     104 |  48.4
            +---------+---------+-------+---------+---------+-------
        D:1 |      17 |       0 |   0.0 |       8 |       0 |   0.0
        D:2 |      42 |      74 |  63.8 |      10 |      13 |  56.5
        D:3 |     179 |     979 |  84.5 |      26 |       4 |  13.3
        D:4 |     243 |     176 |  42.0 |      17 |       2 |  10.5
        D:5 |     390 |       0 |   0.0 |       9 |       0 |   0.0
        D:6 |     855 |       4 |   0.5 |      22 |       3 |  12.0
        D:7 |    1273 |    1845 |  59.2 |      19 |      19 |  50.0
      Sewer |       0 |     265 | 100.0 |       0 |      26 | 100.0
    Ossuary |       0 |     359 | 100.0 |       0 |      37 | 100.0
            +---------+---------+-------+---------+---------+-------

Skill      XL: |  1  2  3  4  5  6  7  8  9 |
---------------+----------------------------+-----
Transmutations | 2 3 4 5 6 |  6.3
Spellcasting   | 2 3 4 5 |  5.8
Poison Magic   | 1 2 |  2.0
Ice Magic      | 2 4 5 6 |  6.7
Unarmed Combat | 3 4 5 6 |  6.6
Fighting       | 2 3 |  3.5
Dodging        | 2 3 |  3.9

Action                     |  1- 3 |  4- 6 |  7- 9 | 10-12 || total
---------------------------+-------+-------+-------+-------++-------
  Melee: Unarmed           |    65 |   124 |   432 |     4 ||   625
         Kick              |    10 |     4 |       |       ||    14
         Headbutt          |     4 |     4 |       |       ||     8
         Punch             |     1 |       |       |       ||     1
   Cast: Beastly Appendage |    13 |     2 |       |       ||    15
         Spider Form       |     1 |    13 |     5 |       ||    19
         Wereblood         |     1 |     4 |    14 |       ||    19
         Ice Form          |       |     1 |    36 |     1 ||    38
Ability: End Transformatio |       |       |     1 |       ||     1
    Use: Scroll            |     7 |     7 |     6 |       ||    20
         Potion            |       |     2 |     6 |       ||     8
   Stab: Sleeping          |       |       |     4 |       ||     4
         Invisible         |       |       |     4 |       ||     4
 Armour: Robe              |    16 |     6 |     6 |       ||    28
         Skin              |       |    16 |   135 |       ||   151
  Dodge: Dodged            |    35 |   111 |   228 |     2 ||   376

Illustrated notes

Table legend:
 A = Kills in this place as a percentage of kills in the entire game.
 B = Kills by you in this place as a percentage of kills by you in the entire game.
 C = Kills by friends in this place as a percentage of kills by friends in the entire game.
 D = Other kills in this place as a percentage of other kills in the entire game.
 E = Experience gained in this place as a percentage of experience gained in the entire game.
 F = Experience gained in this place divided by the number of levels of this place that you have seen.
                   A       B       C       D       E      F
               +-------+-------+-------+-------+-------+----------------------
         Total | 100.0 | 100.0 |   N/A |   N/A | 100.0 | 744.6
       Dungeon |  70.7 |  70.7 |   N/A |   N/A |  90.7 | 868.1
         Sewer |  12.1 |  12.1 |   N/A |   N/A |   4.0 | 265.0
       Ossuary |  17.2 |  17.2 |   N/A |   N/A |   5.4 | 359.0
               +-------+-------+-------+-------+-------+----------------------

Table legend: (Time is in decaauts)
 A = Elapsed time spent in this place.
 B = Non-inter-level travel time spent in this place.
 C = Inter-level travel time spent in this place.
 D = Time resting spent in this place.
 E = Time spent auto-exploring this place.
 F = Levels seen in this place.
 G = Mean time per level.
                   A        B        C        D        E       F      G
               +--------+--------+--------+--------+--------+-----+--------+
         Total |   7363 |   7209 |    154 |    154 |   5322 |   9 |  818.1 |
       Dungeon |   6308 |   6154 |    154 |    115 |   4669 |   7 |  901.1 |
         Sewer |    465 |    465 |      0 |      2 |    302 |   1 |  465.0 |
       Ossuary |    588 |    588 |      0 |     37 |    350 |   1 |  588.0 |
               +--------+--------+--------+--------+--------+-----+--------+

Top non-repeatable levels by time:
     D:7: 1278 daAuts
     D:3: 1229 daAuts
     D:2: 1028 daAuts
     D:4: 902 daAuts
     D:6: 696 daAuts
     D:5: 687 daAuts
 Ossuary: 588 daAuts
     D:1: 485 daAuts
   Sewer: 465 daAuts
